 Dungeon Crawl Stone Soup version 0.28.0-53-g5a82cb258f (webtiles) character file.

Game seed: 1471745292483487484

2695 MiltankisOP the Transmogrifier (level 9, -14/69 HPs)
             Began as a Yellow Draconian Earth Elementalist on June 24, 2022.
             Demolished by a boulder beetle (21 damage)
             ... on level 7 of the Dungeon.
             The game lasted 00:14:18 (9089 turns).

MiltankisOP the Transmogrifier (DrEE)               Turns: 9089, Time: 00:14:18

Health: -14/69     AC:  8    Str: 11    XL:     9   Next: 38%
Magic:  2/18       EV: 12    Int: 19    God:
Gold:   105        SH:  0    Dex: 12    Spells: 16/20 levels left

rFire   . . .      SeeInvis .     - Unarmed
rCold   + . .      Faith    .   (no shield)
rNeg    . . .      Spirit   .   (armour unavailable)
rPois   .          Reflect  .   (helmet restricted)
rElec   .          Harm     .   (no cloak)
rCorr   +          Rampage  .   (no gloves)
Will    .....                   j - +0 pair of boots
Stlth   ++........              (no amulet)
HPRegen 0.21/turn               n - ring of wizardry
MPRegen 0.16/turn               q - ring of protection from cold

@: short of breath
A: spit acid, AC +7, unfitting armour, cold-blooded, acid resistance
a: Breathe Acid


You were on level 7 of the Dungeon.
You visited 1 branch of the dungeon, and saw 7 of its levels.

You collected 105 gold pieces.

Inventory:

Hand Weapons
 g - a +2 dagger of venom
Missiles
 s - 2 stones
Armour
 j - a +0 pair of boots (worn)
 o - an orb of mayhem
Jewellery
 n - a ring of wizardry (left hand)
 q - a ring of protection from cold (right hand)
Wands
 t - a wand of flame (29)
Scrolls
 a - a scroll of fog {unknown}
 b - 2 scrolls of vulnerability {unknown}
 e - a scroll of torment {unknown}
 f - a scroll of teleportation
 i - a scroll of immolation
 m - 2 scrolls of enchant weapon {unknown}
 r - a scroll of brand weapon {unknown}
Potions
 c - 2 potions of might {unknown}
 d - 4 potions of curing {unknown}
 h - 2 potions of cancellation {unknown}
 k - 3 potions of flight {unknown}
 l - a potion of heal wounds {unknown}
 p - a potion of ambrosia {unknown}


   Skills:
 - Level 3.0 Fighting
 - Level 1.7 Dodging
 - Level 1.7 Stealth
 - Level 3.0 Unarmed Combat
 - Level 6.0 Spellcasting
 * Level 4.6 Conjurations
 - Level 8.1 Transmutations
 + Level 5.3 Earth Magic


You had 16 spell levels left.
You knew the following spells:

 Your Spells              Type           Power      Damage    Failure   Level
a - Sandblast             Erth           52%        2d12      1%          1
b - Stone Arrow           Conj/Erth      48%        3d10      1%          3

Your spell library contained the following spells:

 Spells                   Type           Power      Damage    Failure   Level
 Passwall                 Tmut/Erth      25%        N/A       1%          2
 Petrify                  Tmut/Erth      31%        N/A       2%          4
 Ozocubu's Armour         Ice            5%         N/A       13%         3
 Metabolic Englaciation   Hex/Ice        2%         N/A       73%         5
 Simulacrum               Ice/Necr       2%         N/A       99%         6


Dungeon Overview and Level Annotations

Branches:
Dungeon (7/15)
 Temple: D:4-7

Altars:
Cheibriados


Innate Abilities, Weirdness & Mutations

You can spit globs of acid.
Your golden yellow scales are hard. (AC +7)
You cannot fit into any form of body armour.
You are cold-blooded and may be slowed by cold attacks.
You are resistant to acid. (rCorr)


Message History

The boulder beetle stops rolling and uncurls.
You hit the boulder beetle but do no damage.
The boulder beetle is almost dead.
The boulder beetle bites you.
Casting: Sandblast (safe; 1% risk of failure)
Confirm with . or Enter, or press ? or * to list all spells.
Aiming: Sandblast (safe; 1% risk of failure)
Press: ? - help, Shift-Dir - straight line, f/p - boulder beetle
Aim: a boulder beetle (almost dead, covered in acid, 100% to hit)
The blast of sand hits the boulder beetle but does no damage.
The boulder beetle is almost dead.
The boulder beetle completely misses you.
You hit the boulder beetle but do no damage.
You tail-slap the boulder beetle, but do no damage.
The boulder beetle is almost dead.
The boulder beetle barely misses you.
You hit the boulder beetle.
You punch the boulder beetle, but do no damage.
The boulder beetle is almost dead.
You hit the boulder beetle but do no damage.
The boulder beetle is almost dead.
The boulder beetle is no longer covered in acid.
The boulder beetle leaps!
The boulder beetle leaps!
You hit the boulder beetle.
You punch the boulder beetle, but do no damage.
The boulder beetle is almost dead.
The boulder beetle leaps!
The boulder beetle curls into a ball and begins rolling!
You hit the boulder beetle but do no damage.
You tail-slap the boulder beetle, but do no damage.
The boulder beetle is almost dead.
The boulder beetle hits you!
The boulder beetle stops rolling and uncurls.
You barely miss the boulder beetle.
The boulder beetle is almost dead.
The boulder beetle bites you!
* * * LOW HITPOINT WARNING * * *
The boulder beetle bites you!!
You die...

#. #.....#.# #.
#.# #.....#.###.
#.# #.....#.#...
#.###.....#.####
#...............
###.###.....#.....
#..>..#.....#.....
#.....†######.....
#@.....## #.....
#.B.....# #.....
#.....#.# #.....
#.....#..# #...(.
#####.##.# ...#.#
#..... #.... #.#.


You could see a boulder beetle.

Vanquished Creatures
  Grinder (D:5)
  Sigmund (D:5)
  A wraith (D:7)
  Eustachio (D:6)
  Menkaure (D:5)
  A water moccasin (D:6)
  An ice beast (D:5)
  A necrophage (D:5)
  2 ogres
  2 centaurs (D:5)
  A phantom (D:6)
  3 bullfrogs
  3 scorpions (D:5)
  A gnoll sergeant (D:5)
  A water moccasin skeleton (D:5)
  3 howler monkeys
  2 hounds (D:5)
  An orc priest (D:4)
  A bullfrog skeleton (D:6)
  Jessica (D:2)
  A centaur skeleton (D:5)
  3 iguanas
  3 orc wizards
  A killer bee zombie (D:7)
  Robin (D:2)
  8 gnolls
  7 adders
  A howler monkey skeleton (D:6)
  A white imp (D:6)
  An ufetubus (D:5)
  An adder skeleton (D:4)
  A worm (D:4)
  4 dart slugs
  16 orcs
  6 ball pythons
  5 bats
  4 endoplasms
  3 giant cockroaches
  8 goblins
  15 hobgoblins
  7 jackals
  3 kobolds
  6 quokkas
  3 frilled lizards
  10 rats
148 creatures vanquished.

Notes
Turn   | Place    | Note
-------+----------+-------------------------------------------
     0 | D:1      | MiltankisOP the Draconian Earth Elementalist began the
                  | quest for the Orb.
     0 | D:1      | Reached XP level 1. HP: 14/14 MP: 3/3
   168 | D:1      | Found a faded altar of an unknown god.
   306 | D:1      | Reached XP level 2. HP: 4/20 MP: 0/5
  1723 | D:2      | Reached XP level 3. HP: 27/27 MP: 4/6
  1836 | D:2      | Reached skill level 1 in Fighting
  2030 | D:2      | Reached skill level 1 in Unarmed Combat
  2339 | D:3      | Noticed Jessica
  2344 | D:2      | Killed Jessica
  2345 | D:2      | Reached XP level 4. HP: 20/36 MP: 3/7
  2538 | D:3      | Noticed Robin
  2605 | D:2      | Killed Robin
  3452 | D:3      | Found a snail-covered altar of Cheibriados.
  3463 | D:3      | Reached XP level 5. HP: 27/44 MP: 3/8
  4829 | D:5      | Entered Level 5 of the Dungeon
  4829 | D:5      | Noticed Menkaure
  4848 | D:5      | Killed Menkaure
  4849 | D:5      | Reached XP level 6. HP: 12/51 MP: 1/12
  5119 | D:5      | Noticed an ice beast
  5383 | D:4      | Reached skill level 5 in Spellcasting
  5492 | D:5      | Your scales start taking on a golden yellow colour.
  5492 | D:5      | Reached XP level 7. HP: 42/57 MP: 10/14
  5492 | D:5      | Gained mutation: You are resistant to acid. (rCorr) [Yellow
                  | Draconian growth]
  5797 | D:5      | Reached skill level 2 in Transmutations
  5900 | D:5      | Noticed Grinder
  5903 | D:5      | Paralysed by Grinder for 3 turns
  5910 | D:5      | Paralysed by Grinder for 4 turns
  5915 | D:5      | Killed Grinder
  5916 | D:5      | Reached skill level 4 in Transmutations
  5916 | D:5      | Reached XP level 8. HP: 52/63 MP: 12/17
  6108 | D:5      | Reached skill level 5 in Transmutations
  6566 | D:5      | Reached skill level 6 in Transmutations
  7123 | D:5      | Reached skill level 7 in Transmutations
  7284 | D:5      | Noticed Sigmund
  7290 | D:5      | Killed Sigmund
  7381 | D:5      | Reached skill level 8 in Transmutations
  7607 | D:5      | Learned a level 3 spell: Stone Arrow
  7726 | D:6      | Reached skill level 1 in Conjurations
  7983 | D:6      | Reached XP level 9. HP: 64/69 MP: 18/18
  8141 | D:6      | Noticed Eustachio
  8147 | D:6      | Killed Eustachio
  8778 | D:7      | Reached skill level 5 in Earth Magic
  8778 | D:7      | Noticed a cyclops
  8779 | D:7      | Noticed a boulder beetle
  9089 | D:7      | Demolished by a boulder beetle

Illustrated notes

Levels and vault maps discovered:
D:1:      onia_arrival_mini_maze, layout_rooms, basic_ecumenical_altar,
          kennysheep_nondescript
D:2:      layout_loops_ring, grunt_ministairs_13
D:3:      layout_basic, mainiacjoe_overflow_tiny_flanked, minmay_surrounded,
          uniq_robin, uniq_jessica
D:4:      layout_loops_ring, minmay_misc_feat_hallway
D:5:      layout_layer_cave, grunt_ministairs_13, uniq_sigmund, uniq_menkaure,
          uniq_grinder
D:6:      layout_rooms, nicolae_overflow_hidden_temple, uniq_eustachio
D:7:      layout_basic, minmay_temple_entry_steel_oval

Skill      XL: |  1  2  3  4  5  6  7  8  9 |
---------------+----------------------------+-----
Earth Magic    | 4 5 |  5.3
Fighting       | 1 2 3 |  3.0
Unarmed Combat | 1 2 3 |  3.0
Spellcasting   | 4 5 6 |  6.0
Transmutations | 4 8 |  8.1
Conjurations   | 1 4 |  4.6
Dodging        | |  1.7
Stealth        | |  1.7

Action                   |  1- 3 |  4- 6 |  7- 9 || total
-------------------------+-------+-------+-------++-------
Melee: Unarmed           |   121 |   185 |   212 ||   518
       Tailslap          |    19 |    32 |    32 ||    83
       Punch             |     3 |     4 |     8 ||    15
 Cast: Sandblast         |    20 |    54 |    74 ||   148
       Stone Arrow       |       |       |    33 ||    33
 Abil: Breathe Acid      |       |       |     6 ||     6
  Use: Scroll            |       |     2 |       ||     2
 Stab: Sleeping          |     4 |     3 |       ||     7
Armor: Skin              |    38 |    82 |    89 ||   209
Dodge: Dodged            |    91 |   181 |   174 ||   446
